 Dungeon Crawl Stone Soup version 0.28.0-53-g5a82cb258f (webtiles) character file.

Game seed: 2075709914983777044

12 hawla the Ducker (level 2, 0/11 HPs)
             Began as a Felid Fire Elementalist on May 23, 2022.
             Slain by a jackal (1 damage)
             ... on level 1 of the Dungeon.
             The game lasted 00:00:48 (332 turns).

hawla the Ducker (Felid Fire Elementalist)           Turns: 332, Time: 00:00:48

Health: 0/11       AC:  1    Str:  4    XL:     2   Next: 20%
Magic:  1/6        EV: 17    Int: 16    God:
Gold:   42         SH:  0    Dex: 16    Spells: 2/5 levels left
                                        Lives:  0   Deaths: 0

rFire   . . .      SeeInvis +   (weapon unavailable)
rCold   . . .      Faith    .   (shield unavailable)
rNeg    . . .      Spirit   .   (armour unavailable)
rPois   .          Reflect  .   (helmet unavailable)
rElec   .          Harm     .   (cloak unavailable)
rCorr   .          Rampage  .   (gloves unavailable)
Will    .....                   (boots unavailable)
Stlth   ++........              (no amulet)
HPRegen 0.03/turn               (no ring)
MPRegen 0.10/turn               (no ring)

@: quick
A: very small, claws 1, fangs 3, see invisible, speed 1, shaggy fur 1, stealthy
paws, no weapons or thrown items, no armour, multi-lived
a: no special abilities


You were on level 1 of the Dungeon.
You visited 1 branch of the dungeon, and saw 1 of its levels.

You collected 42 gold pieces.

You aren't carrying anything.


   Skills:
 + Level 3.0 Dodging
 + Level 2.9 Stealth
 + Level 2.2 Spellcasting
 + Level 1.0 Conjurations
 + Level 2.9 Fire Magic


You had 2 spell levels left.
You knew the following spells:

 Your Spells              Type           Power      Damage    Failure   Level
a - Foxfire               Conj/Fire      32%        2x1d5     9%          1
b - Scorch                Fire           22%        2d6       10%         2

Your spell library contained the following spells:

 Spells                   Type           Power      Damage    Failure   Level
 Conjure Flame            Conj/Fire      8%         6-21      26%         3
 Inner Flame              Hex/Fire       6%         N/A       32%         3
 Flame Wave               Conj/Fire      8%         2d5       65%         4


Dungeon Overview and Level Annotations

Branches:
Dungeon (1/15)

Altars:


Innate Abilities, Weirdness & Mutations

You have sharp claws.
You have razor-sharp teeth.
You have supernaturally acute eyesight. (SInv)
You cover ground quickly. (Speed+)
You are covered in fur. (AC +1)
Your paws help you pounce on unaware monsters.
You are incapable of wielding weapons or throwing items.
You cannot wear armour.
You gain extra lives every three experience levels.


Message History

a +0 short sword; a hobgoblin corpse; a kobold corpse
Things that are here:
a +0 dagger; a goblin corpse
Found a dagger. 2 jackals come into view.
There are monsters nearby!
There are monsters nearby!
There are monsters nearby!
There are monsters nearby! 2 jackals come into view.
The jackal barks! x3
Casting: Foxfire (safe; 9% risk of failure)
Confirm with . or Enter, or press ? or * to list all spells.
You conjure some foxfire!
The jackal barely misses you.
Casting: Foxfire (safe; 9% risk of failure)
Confirm with . or Enter, or press ? or * to list all spells.
You conjure some foxfire!
The jackal closely misses you.
The foxfire hits the jackal.
The jackal is moderately wounded.
The foxfire hits the jackal.
The jackal is severely wounded.
The foxfire hits the jackal.
The jackal is almost dead.
Casting: Foxfire (safe; 9% risk of failure)
Confirm with . or Enter, or press ? or * to list all spells.
Flames lash the jackal.
You kill the jackal!
The jackal bites you.
Unknown command.
Casting: Scorch (safe; 10% risk of failure)
Confirm with . or Enter, or press ? or * to list all spells.
You conjure some foxfire!
The jackal bites you. x2; The jackal misses you.
The jackal completely misses you. The jackal bites you.
* * * LOW HITPOINT WARNING * * *
The jackal barely misses you.
Your foxfire dissipates!
The foxfire hits the jackal but does no damage.
The jackal is severely wounded.
The jackal bites you.
You die...

#.## #.# ...# #.# ...#
#####.# ...# ... ...#
#### ...###.# ##..# ....#
.......###...######.....#
.............##.@.h.....#
.).....##........hh.....#
...###.##.#.#.#.##......#
...# #..)...#.#.# .######
...######.......##.#
....# ###......#.# #.#.#
#....#.#.# #.#.#
#.#....... ..#.###
#)####.###


You could see 3 jackals.

Vanquished Creatures
  A bat (D:1)
  A giant cockroach (D:1)
  2 goblins (D:1)
  2 hobgoblins (D:1)
  A jackal (D:1)
  2 kobolds (D:1)
  A rat (D:1)
10 creatures vanquished.

Vanquished Creatures (others)
  22 foxfires (D:1)
22 creatures vanquished.

Grand Total: 32 creatures vanquished

Notes
Turn   | Place    | Note
-------+----------+-------------------------------------------
     0 | D:1      | hawla the Felid Fire Elementalist began the quest for the
                  | Orb.
     0 | D:1      | Reached XP level 1. HP: 7/7 MP: 4/4
    66 | D:1      | Reached skill level 3 in Dodging
   170 | D:1      | Reached skill level 1 in Conjurations
   239 | D:1      | Reached XP level 2. HP: 11/11 MP: 1/6
   247 | D:1      | Learned a level 2 spell: Scorch
   332 | D:1      | Slain by a jackal

Illustrated notes

Levels and vault maps discovered:
D:1:      dpeg_arrival_fog, layout_loops_cross, shapermc_ecumenical_altar_venn

Skill      XL: |  1 |
---------------+----+-----
Dodging        | 3 |  3.0
Conjurations   | 1 |  1.0
Stealth        | |  2.9
Spellcasting   | |  2.2
Fire Magic     | |  2.9

Action                   || total
-------------------------++-------
Melee: Unarmed           ||     7
       Punch             ||     1
       Bite              ||     1
 Cast: Foxfire           ||    14
       Scorch            ||     1
Armor: Skin              ||     2
Dodge: Dodged            ||    13
